 Dungeon Crawl Stone Soup version 0.26-a0-952-g76694b35de (webtiles) character file.

Game seed: 6467914055719846403

444 marklar909 the Ruffian (level 6, 0/61 HPs)
             Began as a Troll Delver on Nov 30, 2020.
             Succumbed to an orc's poison
             ... on level 4 of the Dungeon.
             The game lasted 00:01:59 (496 turns).

marklar909 the Ruffian (Troll Delver)                Turns: 496, Time: 00:02:00

Health: 0/61       AC:  6    Str: 21    XL:     6   Next: 72%
Magic:  5/5        EV: 11    Int:  6    God:
Gold:   0          SH:  0    Dex: 13    Spells: 5/5 levels left

rFire    . . .     SeeInvis .     - Unarmed
rCold    . . .     Faith    .   (no shield)
rNeg     . . .     Spirit   .   a - +0 robe
rPois    .         Reflect  .   (helmet restricted)
rElec    .         Harm     .   (no cloak)
rCorr    .         Rampage  .   (gloves unavailable)
MR       .....                  (boots unavailable)
Stlth    ++........             (no amulet)
HPRegen  0.60/turn              (no ring)
MPRegen  0.09/turn              (no ring)

@: lethally poisoned (0 -> -13)
A: large, unfitting armour, claws 3, regeneration 1, shaggy fur 1, tough skin 3
a: no special abilities


You were on level 4 of the Dungeon.
You visited 1 branch of the dungeon, and saw 3 of its levels.

Inventory:

Missiles
 e - 2 javelins (quivered)
 h - 2 boomerangs
Armour
 a - a +0 robe (worn)
Jewellery
 g - an uncursed ring of flight {unknown}
Wands
 f - a wand of digging (3)
Scrolls
 b - a scroll of fog
 c - a scroll of magic mapping
 d - a scroll of identify {unknown}
 i - a scroll of remove curse {unknown}


   Skills:
 * Level 3.2 Fighting
 * Level 1.3 Throwing
 * Level 3.1 Dodging
 - Level 3.7 Stealth
 + Level 4.1 Unarmed Combat


You had 5 spell levels left.
You didn't know any spells.
Your spell library was empty.

Dungeon Overview and Level Annotations

Branches:
Dungeon (5/15)
 Temple: D:4-7

Altars:


Innate Abilities, Weirdness & Mutations

You are too large for most types of armour.
You have claws for hands.
Your natural rate of healing is unusually fast.
You are covered in fur. (AC +1)
You have extremely tough skin. (AC +3)


Message History

You climb downwards.
You hear the sound of rushing water.
There is an entrance to a sewer on this level.
Hurry and find it before the portal rusts away!
You feel sick.
There is a stone staircase leading up here.
You feel sick.
The orc hits you with a +2 war axe of venom!
* * * LOW HITPOINT WARNING * * *
You are more poisoned.
The leopard gecko bites you.
* * * LOW HITPOINT WARNING * * *
Unknown command.
* * * LOW HITPOINT WARNING * * *
You feel sick.
You aren't carrying any potions.
Unknown command.
You aren't carrying any potions.
Unknown command.
Okay, then.
You die...

##################
.......@........>#
####....l..###.###
#.###..## #.# #
#o<# #.# #o## ###
#.# #.# #.# #.#


You could see 2 orcs and a leopard gecko.

Vanquished Creatures
  Sigmund (D:5)
  A phantom (D:5)
  An ogre (D:5)
  3 orc wizards (D:5)
  2 adders (D:5)
  A worm (D:3)
  2 leopard geckos (D:5)
  8 orcs
19 creatures vanquished.

Notes
Turn   | Place    | Note
-------+----------+-------------------------------------------
     0 | D:5      | marklar909 the Troll Delver began the quest for the Orb.
     0 | D:5      | Reached XP level 1. HP: 22/22 MP: 0/0
    16 | D:5      | Noticed an orc wizard
    29 | D:5      | Reached XP level 2. HP: 20/29 MP: 1/1
    47 | D:5      | Reached XP level 3. HP: 5/36 MP: 2/2
   109 | D:5      | Noticed an ogre
   139 | D:5      | Killed an ogre
   140 | D:5      | Reached XP level 4. HP: 20/44 MP: 3/3
   140 | D:5      | Reached XP level 5. HP: 22/50 MP: 4/4
   191 | D:5      | Noticed Sigmund
   208 | D:5      | Reached skill level 3 in Unarmed Combat
   436 | D:5      | Killed Sigmund
   437 | D:5      | Reached skill level 1 in Throwing
   437 | D:5      | Reached XP level 6. HP: 56/61 MP: 5/5
   460 | D:5      | Reached skill level 4 in Unarmed Combat
   494 | D:4      | HP: 3/61 [leopard gecko (1)]
   495 | D:4      | HP: 1/61 [poisoned by an orc]
   496 | D:4      | Succumbed to an orc's poison

Illustrated notes

Levels and vault maps discovered:
D:3:      kennysheep_slugbush, layout_basic, ebering_ghost_sewer_f,
          minmay_joined_circles
D:4:      layout_basic, gup_sewer_entry_spiral, serial_undead, serial_undead_a,
          serial_undead_f, serial_undead_d, serial_undead_f, dk_vineyard_1
D:5:      layout_loops_corners, gammafunk_temple_overflow_forgotten,
          chequers_serial_rivers_room_a, uniq_sigmund

Skill      XL: |  1  2  3  4  5  6 |
---------------+-------------------+-----
Stealth        | 3 |  3.7
Dodging        | 2 3 |  3.1
Unarmed Combat | 3 4 |  4.1
Fighting       | 3 |  3.2
Throwing       | 1 |  1.3

Action                   |  1- 3 |  4- 6 || total
-------------------------+-------+-------++-------
Melee: Unarmed           |    45 |    53 ||    98
       Punch             |     2 |     1 ||     3
  Use: Potion            |     1 |       ||     1
       Scroll            |       |     1 ||     1
 Stab: Sleeping          |       |     2 ||     2
Armor: Robe              |    13 |    13 ||    26
Dodge: Dodged            |    23 |    23 ||    46

Table legend: (Time is in decaauts)
 A = Elapsed time spent in this place.
 B = Non-inter-level travel time spent in this place.
 C = Inter-level travel time spent in this place.
 D = Time resting spent in this place.
 E = Time spent auto-exploring this place.
 F = Levels seen in this place.
 G = Mean time per level.
                   A        B        C        D        E       F      G
               +--------+--------+--------+--------+--------+-----+--------+
         Total |    476 |    446 |     30 |     26 |    190 |   3 |  158.7 |
       Dungeon |    476 |    446 |     30 |     26 |    190 |   3 |  158.7 |
               +--------+--------+--------+--------+--------+-----+--------+

Top non-repeatable levels by time:
     D:5: 446 daAuts
     D:4: 21 daAuts
     D:3: 8 daAuts
